 Dungeon Crawl Stone Soup version 0.22.0-27-ga576289 (webtiles) character file.

357 Monsterracer the Cutter (level 6, -3/42 HPs)
             Began as a Human Enchanter on Aug 21, 2018.
             Was an Initiate of Hepliaklqana.
             Slain by a mummy (16 damage)
             ... in an ossuary.
             The game lasted 00:11:44 (6418 turns).

Monsterracer the Cutter (Human Enchanter)           Turns: 6418, Time: 00:11:44

Health: -3/42      AC:  4    Str:  9    XL:     6   Next: 96%
Magic:  9/9        EV: 12    Int: 17    God:    Hepliaklqana [......]
Gold:   199        SH:  0    Dex: 13    Spells: 7/9 levels left

rFire    . . .     SeeInvis .   a - +2 dagger (venom)
rCold    . . .     Gourm    .   (no shield)
rNeg     . . .     Faith    .   d - +0 robe
rPois    .         Spirit   .   (no helmet)
rElec    .         Reflect  .   h - +1 cloak
rCorr    +         Harm     .   (no gloves)
MR       .....                  (no boots)
Stlth    ++........             (no amulet)
HPRegen  0.14/turn              e - +1 ring of slaying
MPRegen  0.11/turn              o - ring of resist corrosion

@: no status effects
A: reduced essence
a: Recall Ancestor, Ancestor Identity, Renounce Religion


You were in an ossuary.
You worshipped Hepliaklqana.
Hepliaklqana was noncommittal.
You were not hungry.

You visited 1 branch of the dungeon, and saw 4 of its levels.
You also visited: Ossuary.

You collected 199 gold pieces.

Inventory:

Hand Weapons
 a - a +2 dagger of venom (weapon)
 b - a +0 dagger of draining
Armour
 d - a +0 robe (worn)
 h - a +1 cloak (worn)
 i - a +1 chain mail of fire resistance
 m - a +2 shield
Jewellery
 e - a +1 ring of slaying (left hand)
 o - a ring of resist corrosion (right hand)
Wands
 l - a wand of polymorph (7)
Potions
 g - a potion of lignification
 j - a potion of curing
 k - a potion of degeneration {unknown}
Comestibles
 c - 5 rations


   Skills:
 + Level 3.1 Fighting
 * Level 4.9 Short Blades
 - Level 2.0 Dodging
 - Level 3.0 Stealth
 + Level 2.3 Shields
 - Level 2.0 Spellcasting
 - Level 3.0 Hexes


You had 7 spell levels left.
You knew the following spells:

 Your Spells              Type           Power        Failure   Level  Hunger
b - Ensorcelled Hibernat  Hex/Ice        #.....       16%         2    ###....

Your spell library contained the following spells:

 Spells                   Type           Power        Failure   Level  Hunger
 Corona                   Hex            ##.....      5%          1    #......
 Confuse                  Hex            ##......     17%         3    ###....
 Tukima's Dance           Hex            ##......     17%         3    ###....
 Dazzling Spray           Conj/Hex       #.....       30%         3    ###....


Dungeon Overview and Level Annotations

Branches:
Dungeon (4/15)
 Temple: D:4-7

Altars:
Hepliaklqana

Annotations:
D:4 Natasha


Message History

The bog mummy is moderately damaged.
You barely miss the bog mummy.
The bog mummy is moderately damaged.
Chakide hits the bog mummy.
You hit the bog mummy.
The bog mummy is severely damaged.
Chakide hits the bog mummy.
The bog mummy hits you.
You take 5 damage, and have 36/41 hp.
You hit the bog mummy.
The bog mummy is almost destroyed.
Chakide barely misses the bog mummy.
You barely miss the bog mummy.
The bog mummy is almost destroyed.
The bog mummy gestures at you while chanting.
The puff of frost hits you!
You take 7 damage, and have 30/41 hp.
You hit the bog mummy but do no damage.
The bog mummy is almost destroyed.
Chakide hits the bog mummy.
The bog mummy is destroyed!
Your Fighting skill increases to level 3!
The mummy hits Chakide!!
Unknown command.
You hit the bog mummy.
The bog mummy is moderately damaged.
Chakide hits the mummy.
You hit the bog mummy but do no damage.
The bog mummy is moderately damaged.
The bog mummy barely misses you.
The mummy misses Chakide.
Chakide hits the mummy.
You hit the bog mummy.
The bog mummy is heavily damaged.
You hit the bog mummy.
The bog mummy is heavily damaged.
Chakide hits the mummy.
The bog mummy closely misses you.
The mummy barely misses Chakide.
You hit the bog mummy.
The bog mummy is severely damaged.
Chakide hits the mummy but does no damage.
You hit the bog mummy.
The bog mummy is severely damaged.
Chakide hits the mummy but does no damage.
The bog mummy closely misses you.
The mummy barely misses Chakide.
You hit the bog mummy.
The bog mummy is almost destroyed.
Chakide hits the mummy.
You closely miss the bog mummy.
The bog mummy is almost destroyed.
The bog mummy hits you!
* * * LOW HITPOINT WARNING * * *
The mummy barely misses Chakide.
You take 14 damage, and have 17/42 hp.
MASSIVE DAMAGE!!
You hit the bog mummy.
The bog mummy is almost destroyed.
Chakide hits the mummy but does no damage.
You hit the bog mummy.
You destroy the bog mummy!
Chakide hits the mummy.
The mummy hits Chakide!
Chakide is destroyed!
You hit the mummy.
The mummy is almost destroyed.
You closely miss the mummy.
The mummy is almost destroyed.
You hit the mummy but do no damage.
The mummy is almost destroyed.
You barely miss the mummy.
The mummy is almost destroyed.
The mummy closely misses you.
You hit the mummy.
The mummy is almost destroyed.
You hit the mummy.
You destroy the mummy!
You enter the shallow water.
Moving in this stuff is going to be slow.
Unknown command.
You start resting.
A mummy comes into view.
You regained 2 hp, and now have 21/42 hp.
A mummy is nearby!
A centaur zombie comes into view.
You start resting.
The mummy is too close now for your liking.
You hit the mummy but do no damage. You hit the mummy.
The mummy is lightly damaged.
The mummy hits you!
* * * LOW HITPOINT WARNING * * *
You take 10 damage, and have 12/42 hp.
MASSIVE DAMAGE!!
You hit the mummy.
The mummy is lightly damaged.
You hit the mummy.
The mummy is heavily damaged.
The mummy splashes around in the water.
You barely miss the mummy.
The mummy is heavily damaged.
You hit the mummy.
The mummy is severely damaged.
The mummy hits you!
You die...

# ## #≈#≈###
#≈≈.≈.#
#≈≈.#+#+#+#+
+≈..≈≈.....Z
#M##M##'##+#
+ #@..#
#.∩.# #..∩#
#####


You could see a mummy.

Vanquished Creatures
  An elf skeleton (D:4)
  A hound (D:4)
  2 mummies (Ossuary)
  Ijyb (D:3)
  A human skeleton (D:4)
  Robin (D:3)
  An adder (D:3)
  A shadow imp (D:2)
  2 oozes
  4 worms
  5 dart slugs
  3 leopard geckos
  2 orcs
  A ball python (D:3)
  2 giant cockroaches
  11 goblins
  10 hobgoblins
  3 jackals (D:1)
  2 quokkas (D:3)
  5 bats
  5 frilled lizards
  4 kobolds
  2 orc skeletons (D:4)
  An orc zombie (D:4)
  8 rats
79 creatures vanquished.

Vanquished Creatures (collateral kills)
  A mummy (Ossuary)
  A hound skeleton (D:4)
  5 goblins (D:3)
  An orc zombie (D:4)
8 creatures vanquished.

Vanquished Creatures (others)
  An ancestor (Ossuary)
  A withered plant (Ossuary)
2 creatures vanquished.

Grand Total: 89 creatures vanquished

Notes
Turn   | Place    | Note
-------+----------+-------------------------------------------
     0 | D:1      | Monsterracer the Human Enchanter began the quest for the Orb.
     0 | D:1      | Reached XP level 1. HP: 13/13 MP: 3/3
    93 | D:1      | HP: 6/13 [hobgoblin/club (6)]
    98 | D:1      | HP: 4/13 [hobgoblin (1)]
   368 | D:1      | Reached XP level 2. HP: 14/20 MP: 3/5
   472 | D:1      | Learned a level 2 spell: Ensorcelled Hibernation
   645 | D:1      | Reached skill level 2 in Short Blades
   655 | D:1      | HP: 10/20 [leopard gecko (2)]
   659 | D:1      | Reached skill level 1 in Fighting
   739 | D:1      | HP: 10/21 [goblin/dagger (1)]
   745 | D:1      | HP: 4/21 [jackal (1)]
   752 | D:1      | HP: 4/21 [jackal (1)]
   832 | D:1      | HP: 9/21 [bat (1)]
   848 | D:1      | HP: 6/21 [jackal (1)]
   852 | D:1      | Reached XP level 3. HP: 4/26 MP: 3/6
   853 | D:1      | HP: 3/26 [jackal (1)]
   856 | D:1      | HP: 1/26 [jackal (2)]
  2303 | D:2      | Reached XP level 4. HP: 30/32 MP: 5/7
  2702 | D:2      | Reached skill level 3 in Short Blades
  3090 | D:2      | HP: 12/33 [worm (7)]
  3444 | D:3      | HP: 15/33 [quokka (3)]
  3450 | D:3      | HP: 14/33 [ball python (1)]
  3458 | D:3      | HP: 10/33 [quokka (4)]
  3797 | D:3      | Noticed Ijyb
  3838 | D:3      | Killed Ijyb
  3838 | D:3      | Reached skill level 1 in Shields
  3838 | D:3      | Reached XP level 5. HP: 20/38 MP: 1/8
  4092 | D:3      | HP: 18/38 [worm (5)]
  4337 | D:3      | HP: 17/38 [worm (4)]
  4347 | D:3      | HP: 15/38 [worm (1)]
  4747 | D:3      | Found a hazy altar of Hepliaklqana.
  4752 | D:3      | Noticed Robin
  4755 | D:3      | Became a worshipper of Hepliaklqana the Forgotten
  4766 | D:3      | HP: 17/34 [goblin[Robin] (1)]
  4771 | D:3      | HP: 12/34 [poisoned by a goblin]
  4777 | D:3      | HP: 10/34 [poisoned by a goblin]
  4783 | D:3      | HP: 8/34 [poisoned by a goblin]
  4791 | D:3      | HP: 7/34 [poisoned by a goblin]
  5300 | D:3      | Killed Robin
  5572 | D:3      | Found a hazy altar of Hepliaklqana.
  5846 | D:4      | Reached skill level 4 in Short Blades
  5849 | D:4      | Reached XP level 6. HP: 23/41 MP: 9/9
  6146 | D:4      | Found a sand-covered staircase.
  6168 | D:4      | HP: 19/41 [human skeleton (6)]
  6345 | D:4      | Noticed Natasha
  6361 | Ossuary  | Entered an ossuary
  6379 | Ossuary  | HP: 17/42 [bog mummy (14)]
  6414 | Ossuary  | HP: 12/42 [mummy (10)]
  6418 | Ossuary  | Slain by a mummy

Skill      XL: |  1  2  3  4  5  6 |
---------------+-------------------+-----
Short Blades   | 2 3 4 |  4.9
Fighting       | 1 2 3 |  3.1
Shields        | 1 2 |  2.3
Dodging        | |  2.0
Stealth        | |  3.0
Spellcasting   | |  2.0
Hexes          | |  3.0

Action                   |  1- 3 |  4- 6 || total
-------------------------+-------+-------++-------
Melee: Dagger            |   120 |   223 ||   343
       Unarmed           |       |     6 ||     6
 Cast: Corona            |    19 |     1 ||    20
       Ensorcelled Hiber |     4 |    33 ||    37
Invok: Recall Ancestor   |       |     1 ||     1
  Use: Scroll            |     1 |    10 ||    11
 Stab: Sleeping          |     4 |    11 ||    15
  Eat: Chunk             |     4 |    10 ||    14
       Ration            |       |     2 ||     2
Armor: Robe              |    18 |    37 ||    55
Dodge: Dodged            |    72 |   105 ||   177

Vault maps used:
D:1:      dpeg_arrival_castle
D:2:      first_ration, serial_bayou_pond_b, minivault_26
D:3:      nicolae_overflow_crystal_walls, minmay_checkerbox, uniq_robin,
          uniq_ijyb
D:4:      vehumet_crystals, nicolae_ossuary_entry_catacombs, uniq_natasha
Ossuary:  ossuary_zaba_flooded
